 Dungeon Crawl Stone Soup version 0.25.1-2-g60ff931df9 (webtiles) character file.

Game seed: 11554995475276795604

997 DogServant the Insei (level 7, -2/57 HPs)
             Began as a White Draconian Transmuter on Nov 10, 2020.
             Was a Believer of Okawaru.
             Slain by Pikel
             ... wielding a +0 whip of freezing
              (7 damage)
             ... while paralysed by Pikel
             ... on level 6 of the Dungeon.
             The game lasted 00:09:22 (6448 turns).

DogServant the Insei (White Draconian Transmuter)   Turns: 6448, Time: 00:09:23

Health: -2/57      AC:  6    Str: 13    XL:     7   Next: 99%
Magic:  1/10       EV:  5    Int: 13    God:    Okawaru [**....]
Gold:   243        SH:  0    Dex: 18    Spells: 0/10 levels left

rFire    . . .     SeeInvis .     - Unarmed
rCold    . . .     Gourm    .   (shield currently unavailable)
rNeg     . . .     Faith    .   (armour unavailable)
rPois    x         Spirit   .   (helmet currently unavailable)
rElec    .         Reflect  .   (cloak currently unavailable)
rCorr    .         Harm     .   (gloves currently unavailable)
MR       .....                  (boots currently unavailable)
Stlth    +++.......             (no amulet)
HPRegen  0.19/turn              e - +4 ring of protection
MPRegen  0.12/turn              v - ring of stealth

@: paralysed, spider-form (expiring), very slightly contaminated
A: tiny, (breathe frost), unfitting armour, mutation resistance 1, AC +6
a: End Transformation, Heroism, Renounce Religion


You were on level 6 of the Dungeon.
You worshipped Okawaru.
Okawaru was pleased with you.
You were not hungry.
You were a venomous arachnid creature.
You visited 1 branch of the dungeon, and saw 6 of its levels.

You collected 243 gold pieces.

Inventory:

Hand Weapons
 i - a +2 whip of venom (melded)
Missiles
 a - 190 arrows
Armour
 w - a +1 cloak of poison resistance (melded)
Jewellery
 e - a +4 ring of protection (left front leg)
 v - a ring of stealth (right front leg)
 z - a +4 ring of slaying {unknown}
Wands
 n - a wand of random effects (20)
 y - a wand of flame (20)
Scrolls
 d - 6 scrolls of identify
 j - 3 scrolls of remove curse
 l - a scroll of fear
 m - a scroll of immolation
 o - a scroll of magic mapping {unknown}
 p - a scroll of amnesia {unknown}
 q - 2 scrolls of enchant armour {unknown}
 r - a scroll of enchant weapon {unknown}
 t - a scroll of blinking {unknown}
Potions
 b - 2 potions of mutation
 f - a potion of flight {unknown}
 g - a potion of haste {unknown}
 h - 2 potions of degeneration {unknown}
 k - a potion of heal wounds
 s - 2 potions of brilliance {unknown}
 u - a potion of resistance {unknown}
 A - a potion of ambrosia {unknown}
Comestibles
 c - 9 rations
 x - a chunk of flesh


   Skills:
 + Level 3.0 Fighting
 - Level 3.3 Dodging
 + Level 6.2 Unarmed Combat
 - Level 2.0 Spellcasting
 + Level 5.7 Transmutations
 + Level 2.9 Ice Magic


You couldn't memorise any spells.
You knew the following spells:

 Your Spells              Type           Power        Failure   Level  Hunger
a - Beastly Appendage     Tmut           ###...       9%          1    ##.....
b - Sticks to Snakes      Tmut           ###.....     12%         2    ###....
c - Spider Form           Tmut/Pois      #.........   45%         3    ####...
d - Ice Form              Ice/Tmut       ##......     61%         4    #####..

Your spell library contained the following spells:

 Spells                   Type           Power        Failure   Level  Hunger
 Animate Skeleton         Necr           N/A          47%         1    ##.....
 Apportation              Tloc           #.....       47%         1    ##.....
 Corona                   Hex            #......      47%         1    ##.....
 Summon Small Mammal      Summ           #...         47%         1    ##.....
 Blade Hands              Tmut           ###.......   75%         5    ######.


Dungeon Overview and Level Annotations

Branches:
Dungeon (6/15)
 Temple: D:4-7

Altars:
Cheibriados
Fedhas
Gozag
Okawaru
Ru
Xom
The Shining One

Annotations:
D:6 Dowan, Duvessa, Eustachio, Maggie, Pikel


Innate Abilities, Weirdness & Mutations

((You can breathe waves of freezing cold.))
((You can buffet flying creatures when you breathe cold.))
((Your icy white scales are hard. (AC +6)))
You cannot fit into any form of body armour.
((Your flesh is cold resistant. (rC+)))
((You are cold-blooded and may be slowed by cold attacks.))
You are somewhat resistant to further mutation.


Message History

Pikel freezes you. The slave hits you. The slave completely misses you.
The slave hits you.
* * * LOW HITPOINT WARNING * * *
Pikel hits you with a +0 whip of freezing.
* * * LOW HITPOINT WARNING * * *
Pikel freezes you.
* * * LOW HITPOINT WARNING * * *
The slave hits you.
* * * LOW HITPOINT WARNING * * *
The slave barely misses you. The slave hits you.
* * * LOW HITPOINT WARNING * * *
Pikel hits you with a +0 whip of freezing.
* * * LOW HITPOINT WARNING * * *
Pikel freezes you.
* * * LOW HITPOINT WARNING * * *
The slave hits you.
* * * LOW HITPOINT WARNING * * *
The slave hits you but does no damage.
Pikel hits you with a +0 whip of freezing!
You die...

#.....## #.##...
#.. ... #.# ...
#### #.# #.#
...#
#.###.####.#.#
##..##.##.._..
####Ksp##.b#.#.#
#...ppp###.#...#
#.##........b)#
##.########.####
#p.# #.# #K##
#.# #.# #.# #p#
#.# #.# #.#


You could see Pikel (poisoned) and 4 slaves.

Vanquished Creatures
  3 centaurs
  A bullfrog (D:6)
  A scorpion (D:4)
  A howler monkey (D:5)
  2 hounds (D:4)
  A gnoll shaman (D:4)
  3 orc priests (D:4)
  4 orc wizards (D:4)
  3 worker ants
  3 gnolls (D:4)
  11 adders
  An ooze (D:3)
  An adder zombie (D:5)
  2 worms
  2 dart slugs
  3 leopard geckos
  15 orcs
  A ball python (D:4)
  4 bats
  6 giant cockroaches
  6 goblins
  14 hobgoblins
  A jackal (D:1)
  A quokka (D:3)
  7 frilled lizards
  5 kobolds
  A leopard gecko zombie (D:5)
  A quokka zombie (D:6)
  7 rats
111 creatures vanquished.

Vanquished Creatures (others)
  A centaur (D:5)
1 creature vanquished.

Grand Total: 112 creatures vanquished

Notes
Turn   | Place    | Note
-------+----------+-------------------------------------------
     0 | D:1      | DogServant the Draconian Transmuter began the quest for the
                  | Orb.
     0 | D:1      | Reached XP level 1. HP: 16/16 MP: 3/3
   307 | D:1      | Reached XP level 2. HP: 20/23 MP: 3/5
   570 | D:1      | Learned a level 2 spell: Sticks to Snakes
  1355 | D:2      | Reached XP level 3. HP: 28/28 MP: 4/6
  1567 | D:2      | Reached XP level 4. HP: 35/35 MP: 5/7
  1621 | D:2      | Found an iron altar of Okawaru.
  1632 | D:2      | Became a worshipper of Warmaster Okawaru
  1981 | D:2      | Reached skill level 4 in Unarmed Combat
  1984 | D:2      | Found a faded altar of an unknown god.
  2315 | D:2      | Learned a level 3 spell: Spider Form
  2592 | D:3      | Reached XP level 5. HP: 40/40 MP: 0/8
  3770 | D:4      | HP: 2/40 [gnoll/+0 spear (6)]
  3786 | D:4      | Gained mutation: You are somewhat resistant to further
                  | mutation. [potion of mutation]
  3791 | D:4      | Reached XP level 6. HP: 34/47 MP: 3/9
  4045 | D:4      | Reached skill level 5 in Unarmed Combat
  4106 | D:4      | Reached * piety under Okawaru
  4239 | D:4      | Found a sacrificial altar of Ru.
  4478 | D:4      | Reached skill level 5 in Transmutations
  4478 | D:4      | Your scales start taking on an icy white colour.
  4478 | D:4      | Reached XP level 7. HP: 6/52 MP: 5/10
  4478 | D:4      | Gained mutation: Your flesh is cold resistant. (rC+) [White
                  | Draconian growth]
  4754 | D:4      | Learned a level 4 spell: Ice Form
  5215 | D:4      | Reached skill level 1 in Ice Magic
  5354 | D:5      | Entered Level 5 of the Dungeon
  5543 | D:5      | Found a snail-covered altar of Cheibriados.
  5553 | D:5      | Reached skill level 6 in Unarmed Combat
  5864 | D:5      | Found a glowing golden altar of the Shining One.
  6214 | D:6      | Noticed Maggie
  6216 | D:6      | Noticed Duvessa
  6216 | D:6      | Noticed Dowan
  6226 | D:6      | Noticed Eustachio
  6375 | D:6      | Found a shimmering altar of Xom.
  6376 | D:6      | Found a blossoming altar of Fedhas.
  6382 | D:6      | Reached ** piety under Okawaru
  6412 | D:6      | Found an opulent altar of Gozag.
  6413 | D:6      | Noticed Pikel
  6442 | D:6      | Paralysed by Pikel for 6 turns
  6448 | D:6      | Slain by Pikel

Illustrated notes

Levels and vault maps discovered:
D:1:      minmay_arrival_wavy_path, layout_basic, serial_bayou_pond_c,
          chequers_serial_rivers_small_a, st_stairs_12
D:2:      layout_loops_ring, lemuel_coloured_pillars_altar,
          chequers_ecumenical_altar_island, first_ration
D:3:      layout_loops_corners, minmay_door_square, kennysheep_doodads,
          st_stairs_5, kennysheep_generic_room_11
D:4:      layout_basic, minmay_misc_feat_plants,
          nicolae_ru_great_annihilating_truth
D:5:      layout_loops_ring, lemuel_doored_altar, tso_altar,
          lemuel_flamethrower_2
D:6:      layout_loops_ring, xom_butterflies, lemuel_crystal_altar,
          old_standard_altar, minmay_temple_entry_overgrown, serial_shops, shop,
          elyvilon_altar_5, uniq_maggie, uniq_pikel, uniq_duvessa, uniq_edmund,
          uniq_eustachio

Skill      XL: |  1  2  3  4  5  6  7 |
---------------+----------------------+-----
Dodging        | 2 3 |  3.3
Transmutations | 3 4 5 |  5.7
Unarmed Combat | 4 5 6 |  6.2
Ice Magic      | 2 |  2.9
Fighting       | 3 |  3.0
Spellcasting   | |  2.0

Action                   |  1- 3 |  4- 6 |  7- 9 || total
-------------------------+-------+-------+-------++-------
Melee: Unarmed           |    63 |    11 |    33 ||   107
       Headbutt          |     4 |    12 |     5 ||    21
       Tailslap          |     8 |    20 |     7 ||    35
       Kick              |     4 |     5 |     3 ||    12
       Whip              |    26 |   174 |    49 ||   249
       Punch             |       |     1 |     2 ||     3
 Cast: Beastly Appendage |    15 |    18 |     6 ||    39
       Sticks to Snakes  |       |     6 |       ||     6
       Spider Form       |       |     1 |     6 ||     7
  Use: Potion            |       |     4 |       ||     4
       Scroll            |       |       |     4 ||     4
 Stab: Sleeping          |       |     1 |     2 ||     3
       Paralysed         |       |     2 |       ||     2
       Invisible         |       |     1 |       ||     1
  Eat: Chunk             |     2 |    11 |     4 ||    17
       Ration            |       |       |     1 ||     1
Armor: Skin              |    27 |    72 |    36 ||   135
Dodge: Dodged            |    52 |   148 |    78 ||   278
